 Dungeon Crawl Stone Soup version 0.28.0-1-gb440e238dd (webtiles) character file.

Game seed: 14452377830588303087

40 Bamboolord the Gusty (level 3, 0/26 HPs)
             Began as a Draconian Air Elementalist on Feb 23, 2022.
             Succumbed to an adder's poison
             ... on level 2 of the Dungeon.
             The game lasted 00:07:49 (1621 turns).

Bamboolord the Gusty (Draconian Air Elementalist)   Turns: 1621, Time: 00:07:50

Health: 0/26       AC:  5    Str: 10    XL:     3   Next: 30%
Magic:  3/6        EV: 12    Int: 17    God:
Gold:   116        SH:  0    Dex: 11    Spells: 0/6 levels left

rFire   . . .      SeeInvis .   (no weapon)
rCold   . . .      Faith    .   (no shield)
rNeg    . . .      Spirit   .   (armour unavailable)
rPois   .          Reflect  .   (helmet restricted)
rElec   .          Harm     .   (no cloak)
rCorr   .          Rampage  .   (no gloves)
Will    .....                   (no boots)
Stlth   ++........              (no amulet)
HPRegen 0.08/turn               a - ring of wizardry
MPRegen 0.10/turn               (no ring)

@: lethally poisoned (0 -> -3)
A: AC +5, unfitting armour, cold-blooded
a: no special abilities


You were on level 2 of the Dungeon.
You visited 1 branch of the dungeon, and saw 2 of its levels.

You collected 116 gold pieces.

Inventory:

Missiles
 c - 4 javelins
Jewellery
 a - a ring of wizardry (left hand)
Scrolls
 b - a scroll of teleportation
 e - a scroll of torment {unknown}


   Skills:
 * Level 2.0 Dodging
 + Level 1.8 Stealth
 * Level 2.4 Spellcasting
 * Level 1.4 Conjurations
 * Level 3.7 Air Magic


You couldn't memorise any spells.
You knew the following spells:

 Your Spells              Type           Power      Damage    Failure   Level
a - Shock                 Conj/Air       40%        1d5       2%          1
b - Static Discharge      Conj/Air       10%        N/A       4%          2
c - Swiftness             Air            14%        N/A       4%          3

Your spell library contained the following spells:

 Spells                   Type           Power      Damage    Failure   Level
 Airstrike                Air            7%         N/A       16%         4
 Chain Lightning          Conj/Air       5%         3d6       100%        9
 Fire Storm               Conj/Fire      2%         8d1       100%        9
 Shatter                  Erth           1%         3d5*      100%        9


Dungeon Overview and Level Annotations

Branches:
Dungeon (2/15)

Altars:


Innate Abilities, Weirdness & Mutations

Your plain brown scales are hard. (AC +5)
You cannot fit into any form of body armour.
You are cold-blooded and may be slowed by cold attacks.


Message History

Press: ? - help, Q - select action, (/) - cycle Shift-Dir - straight line, f - adder
Aim: an adder (48% to hit)
The zap misses the adder.
Unknown command.
Aiming: Shock (safe; 2% risk of failure)
Press: ? - help, Q - select action, (/) - cycle Shift-Dir - straight line, f/p - adder
Aim: an adder (48% to hit)
The zap misses the adder.
Unknown command.
Aiming: Shock (safe; 2% risk of failure)
Press: ? - help, Q - select action, (/) - cycle Shift-Dir - straight line, f/p - adder
Aim: an adder (48% to hit)
That beam is likely to hit you.
Continue anyway?
The zap misses the adder. x2; The zap hits you. x2
The adder bites you but does no damage. The adder barely misses you.
Aiming: Shock (safe; 2% risk of failure)
Press: ? - help, Q - select action, (/) - cycle Shift-Dir - straight line, p - adder The adder bites you.
You are poisoned.
The adder poisons you!
Unknown command.
You feel sick.
A rat comes into view.
You feel sick. The adder bites you.
You feel sick.
You aren't carrying any potions.
You feel sick.
As you read the scroll of fog, it crumbles to dust.
The scroll dissolves into smoke.
You feel sick. The adder closely misses you. x2
You feel sick.
You are no longer poisoned.
The adder bites you.
* * * LOW HITPOINT WARNING * * *
You are lethally poisoned!
The adder poisons you!
* * * LOW HITPOINT WARNING * * *
You feel sick.
* * * LOW HITPOINT WARNING * * *
You feel sick.
You die...

.##.##.≈≈≈≈.≈≈≈≈≈................
.##....≈≈≈≈.≈≈≈≈≈................
.####..≈≈≈≈....)......<..........
..# #........≈≈≈≈................
..###..≈≈≈≈≈.≈≈≈≈...............#
.......≈≈≈≈≈.≈≈≈≈.##.....#.....##
...#.#.≈≈≈≈≈.≈≈≈≈.##############
.......≈≈≈)≈.≈≈≈≈.#
...)............@.#
.........##......##
.........###..#r##
..........##.§#S#
.........>.##§§§#
.............§§§#
.........#...§§§#
.............§§.#
.........##.....#####


You could see an adder and a rat.

Vanquished Creatures
  An adder (D:2)
  A dart slug (D:1)
  4 bats
  3 endoplasms (D:1)
  A giant cockroach (D:1)
  4 goblins
  2 hobgoblins (D:1)
  3 kobolds
  A quokka (D:2)
  A ball python (D:2)
  4 frilled lizards (D:1)
  2 rats
27 creatures vanquished.

Notes
Turn   | Place    | Note
-------+----------+-------------------------------------------
     0 | D:1      | Bamboolord the Draconian Air Elementalist began the quest
                  | for the Orb.
     0 | D:1      | Reached XP level 1. HP: 14/14 MP: 3/3
   414 | D:1      | Reached XP level 2. HP: 20/20 MP: 0/5
   439 | D:1      | Learned a level 2 spell: Static Discharge
  1256 | D:2      | Reached XP level 3. HP: 26/26 MP: 2/6
  1303 | D:2      | Learned a level 3 spell: Swiftness
  1620 | D:2      | HP: 1/26 [poisoned by an adder]
  1621 | D:2      | Succumbed to an adder's poison

Illustrated notes

Levels and vault maps discovered:
D:1:      heliophobic_arrival_dark_side_of_the_moon, layout_loops_ring,
          minmay_stone_trees_medium
D:2:      layout_rooms, hellmonk_ecumenical_altar_blasted, minivault_14,
          amcnicky_mini_corridor_feature, uniq_natasha

Skill      XL: |  1 |
---------------+----+-----
Dodging        | 2 |  2.0
Stealth        | |  1.8
Spellcasting   | |  2.4
Conjurations   | |  1.4
Air Magic      | |  3.7

Action                   || total
-------------------------++-------
Melee: Unarmed           ||     6
 Cast: Shock             ||    66
  Use: Scroll            ||     4
Armor: Skin              ||     8
Dodge: Dodged            ||    26
